Unix NetHack Version 5.0.0-0 post-release - last build Jun 10 2026 00:39:30 (3ee93aec679c4c4259841fe613dc97188e26a321,branch:main).

Game began 2026-07-07 12:44:33, ended 2026-07-09 16:18:21.

ARFwashere, neutral male human Archeologist

                      #
                  ----|----
 --------         |........#######                             -----
 |.......#########-..>....|###############                   ##.....|
 |......| ##  ##  |.......|#     #       ##################### |...[|
 |......| ##   ###........|      ###0                        ##.....|
 --.-.--- #####   |.......|      ################        ##### ------
   #    ##########-----.---#0######### #  --|---|-+-   ###
   #      #     ##################     ###|........-####
  ##      #                              #-........|###############
  #       ##                              |........|#      -------.---
 -.------- #                              ----.-.---#      |.........|
 |.......| #                                  # #####      |.........|
 |.......|###  -----                                       |........<|
 |.......+# #  |..:.                                       +.........|
 |.......|  #  |...|                                       |.........|
 ---------  #  |%..|                                       |.........|
            ##:@.%.+                                       -----------
               |...|
               -----

ARFwashere the Field Worker  St:15 Dx:10 Co:16 In:13 Wi:13 Ch:12  Neutral
Dlvl:3  $:75 HP:0(43) Pw:19(19) AC:0  Xp:4 T:3378  Burdened

Latest messages:
 The iguana bites!
 You miss the gecko.
 You miss the iguana.
 The iguana bites!
 You miss the iguana.
 The iguana misses!
 You miss the iguana.
 The iguana misses!
 You hit the iguana.
 You miss the iguana.
 You hit the iguana.
 You miss the iguana.
 The iguana misses!
 You miss the iguana.
 You miss the iguana.
 You miss the iguana.
 You miss the iguana.
 The lichen touches you!
 The iguana bites!
 You cannot escape from the lichen!
 The iguana just misses!
 You cannot escape from the lichen!
 The iguana bites!
 What do you want to drink? [bs or ?*] ?
 You are suddenly moving much faster.
 Your quickness feels very natural.
 The iguana bites!
 You kill the lichen!
 Welcome to experience level 4.
 You miss the iguana.
 You miss the iguana.
 You miss the iguana.
 You miss the iguana.
 You miss the iguana.
 You miss the iguana.
 The iguana bites!
 You feel more confident in your weapon skills.
 You hit the iguana.
 The iguana bites!
 You miss the iguana.
 You miss the iguana.
 The iguana bites!
 You miss the iguana.
 The iguana bites!
 You die...
 Do you want your possessions identified? [ynq] (y) y
 Do you want to see your attributes? [ynq] (y) n
 Do you want an account of creatures vanquished? [ynaq] (y) n
 Do you want to see your conduct and achievements? [ynq] (y) n
 Do you want to see the dungeon overview? [ynq] (y) n

Inventory:
 Coins    ('$')
  $ - 75 gold pieces
 Weapons  (')')
  v - a blessed +0 dagger
  k - 2 +0 orcish daggers (at the ready)
  a - a +2 bullwhip
  c - a -1 silver saber (weapon in right hand)
 Armor    ('[')
  p - an uncursed +0 dwarvish iron helm (being worn)
  o - an uncursed +0 pair of leather gloves (being worn)
  n - an uncursed +0 pair of kicking boots (being worn)
  m - an uncursed +0 alchemy smock with text "I am an alchemist; if you see me running, try to catch up..." (being worn)
  q - an uncursed +0 chain mail (being worn)
 Comestibles  ('%')
  d - 2 uncursed food rations
  w - an uncursed partly eaten food ration
 Scrolls  ('?')
  j - a blessed scroll of confuse monster
  l - an uncursed scroll of create monster
  u - an uncursed scroll of gold detection
 Potions  ('!')
  s - an uncursed potion of water
 Tools    ('(')
  h - an empty uncursed sack
  i - an uncursed oil lamp
  e - a +0 pick-axe
  f - a tinning kit (0:70)
 Gems/Stones  ('*')
  g - an uncursed touchstone

ARFwashere the Archeologist's attributes:

Background:
 You were a Field Worker, a level 4 male human Archeologist.
 You were neutral, nominally on a mission for Camaxtli
 who was opposed by Quetzalcoatl (lawful) and Huhetotl (chaotic).
 You were right-handed.
 You were in the Dungeons of Doom, on level 3.
 You entered the dungeon 3378 turns ago.
 You had 81 experience points, 79 more were needed to attain level 5.

Basics:
 You had 0 out of 43 hit points.
 You had all 19 energy points (spell power).
 Your armor class was 0.
 Your wallet contained 75 zorkmids.
 Autopickup was on for '$' plus thrown.

Final Characteristics:
 Your strength was 15 (limit:18/100).
 Your dexterity was 10 (limit:18).
 Your constitution was 16 (limit:18).
 Your intelligence was 13 (limit:18).
 Your wisdom was 13 (limit:18).
 Your charisma was 12 (limit:18).

Final Status:
 You weren't hungry.
 You were burdened; movement was slightly slowed.
 You were wielding a saber.
 You were unskilled in saber and could have enhanced that.

Final Attributes:
 You were piously aligned.
 You were poison resistant.
 You were acid resistant.
 Your items were protected from acid.
 You had automatic searching.
 You were warded.
 You were very fast.
 You are dead.

Miscellaneous:
 You encountered 1 bones level.
 Total elapsed playing time was 1 hour, 30 minutes and 51 seconds.

Major events:
 Turn
    1: ARFwashere the neutral male human Archeologist entered the dungeon
 1004: attained the rank of Field Worker (level 3)
 3378: killed by an iguana

You didn't know any spells.

Skills:
 Fighting Skills
   bare handed combat [Unskilled]
   two weapon combat  [Unskilled]
   riding             [Unskilled]
 Weapon Skills
   dagger             [Unskilled]
   knife              [Unskilled]
   pick-axe           [Basic]
   short sword        [Unskilled]
   saber              [Unskilled]
   club               [Unskilled]
   quarterstaff       [Unskilled]
   sling              [Unskilled]
   dart               [Unskilled]
   boomerang          [Unskilled]
   whip               [Basic]
   unicorn horn       [Unskilled]
 Spellcasting Skills
   attack spells      [Unskilled]
   healing spells     [Unskilled]
   divination spells  [Unskilled]
   matter spells      [Unskilled]

Voluntary challenges:
 Character rerolling was not enabled.
 You were an atheist.
 You never genocided any monsters.
 You never polymorphed an object.
 You never changed form.
 You used no wishes.
Achievements:
 You entered a shop.
 You attained the rank of Field Worker.

 The Dungeons of Doom: levels 1 to 4
    Level 1:
    Level 2:
       An armor shop.
    Level 3: <- You were here.
       Final resting place for
          you, killed by an iguana.
    Level 4:
       Final resting place for
          Langmuir-Kni-Hum-Mal-Law, killed by a pony,
          Langmuir-Kni-Hum-Mal-Law, killed by a giant bat.


Vanquished creatures:
  a floating eye
  3 orc zombies
  2 iguanas
  4 coyotes
  a gas spore
  a hobbit
  2 hobgoblins
  2 giant rats
  a brown mold
  a gnome zombie
  4 jackals
  a fox
  2 goblins
  3 sewer rats
  3 grid bugs
  5 lichens
  a kobold zombie
  4 newts
41 creatures vanquished.

No species were genocided or became extinct.

Game over:
                       ----------
                      /          \
                     /    REST    \
                    /      IN      \
                   /     PEACE      \
                  /                  \
                  |    ARFwashere    |
                  |      75 Au       |
                  |   killed by an   |
                  |      iguana      |
                  |                  |
                  |                  |
                  |       2026       |
                 *|     *  *  *      | *
        _________)/\\_//(\/(/\)/\//\/|_)_______

Goodbye ARFwashere the Archeologist...

You died in The Dungeons of Doom on dungeon level 3 with 552 points,
and 75 pieces of gold, after 3378 moves.
You were level 4 with a maximum of 43 hit points when you died.

